 Dungeon Crawl Stone Soup version 0.23-a0-673-g3803c42f16 (webtiles) character file.

255031 Notair the Executioner (level 19, -1/179 HPs)
             Began as a Minotaur Gladiator on Jan 8, 2019.
             Was the Champion of Okawaru.
             Shot with an arrow by a deep elf master archer (9 damage)
             ... on level 3 of the Elven Halls on Jan 9, 2019.
             The game lasted 03:42:46 (46120 turns).

Notair the Executioner (Minotaur Gladiator)        Turns: 46120, Time: 03:42:48

Health: -1/179     AC: 21    Str: 25    XL:     19   Next: 3%
Magic:  0/22       EV: 19    Int: 16    God:    Okawaru [******]
Gold:   3589       SH:  0    Dex: 13    Spells: 18/18 levels left

rFire    + . .     SeeInvis +   l - +4 executioner's axe (vamp)
rCold    + + .     Gourm    .   (shield currently unavailable)
rNeg     + + .     Faith    .   Q - +0 scale mail of Iwipray {-Tele rElec MR+++ Int+3}
rPois    +         Spirit   +   J - +3 crown of Dyrovepreva {rElec Int+2 SInv}
rElec    +         Reflect  .   Y - scarf {rC+ rF+}
rCorr    .         Harm     .   I - +2 pair of gloves {Str+3}
MR       +++++     NoTele   +   c - +2 pair of boots {Fly}
Stlth    ..........             s - amulet of guardian spirit
HPRegen  0.39/turn              L - ring of the Evening {rPois rC+ rN++ Str+2 Stlth-}
MPRegen  0.18/turn              T - ring of protection from magic

@: flying
A: retaliatory headbutt, horns 2
}: 2/15 runes: barnacled, gossamer
a: Heroism, Finesse, Renounce Religion, Stop Flying


You were on level 3 of the Elven Halls.
You worshipped Okawaru.
Okawaru was exalted by your worship.
You were hungry.

You visited 7 branches of the dungeon, and saw 35 of its levels.
You also visited: Gauntlet, Ice Cave and Volcano.

You collected 3800 gold pieces.
You spent 211 gold pieces at shops.

Inventory:

Hand Weapons
 j - a +0 triple crossbow of flaming
 l - a +4 vampiric executioner's axe (weapon)
Missiles
 d - 7 throwing nets (quivered)
 x - 732 bolts
Armour
 c - a +2 pair of boots of flying (worn)
 I - a +2 pair of gloves of strength (worn)
 J - the +3 crown of Dyrovepreva (worn) {rElec Int+2 SInv}
   (You acquired it on level 11 of the Dungeon)

   It affects your intelligence (+2).
   It insulates you from electricity.
   It lets you see invisible.
 O - a scarf of repulsion
 Q - the +0 scale mail of Iwipray (worn) {-Tele rElec MR+++ Int+3}
   (You found it in an ice cave)

   It affects your intelligence (+3).
   It insulates you from electricity.
   It affects your resistance to hostile enchantments.
   It prevents most forms of teleportation.
 X - a +1 cloak of magic resistance
 Y - a scarf of resistance (worn)
Jewellery
 e - an uncursed ring of protection from fire
 s - an amulet of guardian spirit (around neck)
 L - the ring of the Evening (left hand) {rPois rC+ rN++ Str+2 Stlth-}
   (You bought it in a shop on level 2 of the Orcish Mines)

   [ring of strength]

   It affects your strength (+2).
   It protects you from cold.
   It protects you from poison.
   It greatly protects you from negative energy.
   It makes you less stealthy.
 T - a ring of protection from magic (right hand)
Wands
 v - a wand of acid (17)
 w - a wand of paralysis (15)
 y - a wand of enslavement (8)
 G - a wand of iceblast (17)
 M - a wand of digging (14)
 Z - a wand of flame (79)
Scrolls
 b - 2 scrolls of silence
 g - 11 scrolls of amnesia
 h - 5 scrolls of enchant armour
 p - 23 scrolls of teleportation
 r - 10 scrolls of remove curse
 t - 5 scrolls of fear
 z - 2 scrolls of magic mapping
 A - 8 scrolls of enchant weapon
 C - a scroll of summoning
 D - 9 scrolls of identify
 H - a scroll of torment
 P - 3 scrolls of fog
 S - 2 scrolls of blinking
 V - 2 scrolls of brand weapon
 W - 6 scrolls of immolation
Potions
 a - 2 potions of lignification
 i - 3 potions of magic
 m - 6 potions of brilliance
 n - 2 potions of berserk rage
 o - 4 potions of agility
 q - 3 potions of haste
 u - 14 potions of curing
 E - 4 potions of mutation
 N - 4 potions of cancellation
 R - 2 potions of might
 U - 3 potions of ambrosia
Miscellaneous
 F - a fan of gales
 K - a lightning rod (4/4)
Comestibles
 f - 51 rations
 k - 2 chunks of flesh


   Skills:
 + Level 18.1 Fighting
 * Level 24.0 Axes
 - Level 6.1 Crossbows
 - Level 2.0 Throwing
 + Level 17.0 Armour
 + Level 15.7 Dodging
 - Level 6.0 Invocations


You had 18 spell levels left.
You didn't know any spells.
Your spell library contained the following spells:

 Spells                   Type           Power        Failure   Level  Hunger
 Animate Skeleton         Necr           N/A          41%         1    ##.....
 Apportation              Tloc           #.....       41%         1    ##.....
 Beastly Appendage        Tmut           #.....       41%         1    ##.....
 Confusing Touch          Hex            #.....       41%         1    ##.....
 Corona                   Hex            #......      41%         1    ##.....
 Sandblast                Erth           #.....       41%         1    ##.....
 Shock                    Conj/Air       #...         41%         1    ##.....
 Summon Small Mammal      Summ           #...         41%         1    ##.....
 Corpse Rot               Necr           N/A          54%         2    ###....
 Ensorcelled Hibernation  Hex/Ice        #.....       54%         2    ###....
 Slow                     Hex            #.......     54%         2    ###....
 Sticks to Snakes         Tmut           #.......     54%         2    ###....
 Sublimation of Blood     Necr           #.........   54%         2    ###....
 Swiftness                Chrm/Air       #.......     54%         2    ###....
 Confuse                  Hex            #.......     78%         3    ####...
 Gell's Gravitas          Tloc           #.........   78%         3    ####...
 Inner Flame              Hex/Fire       #.......     78%         3    ####...
 Portal Projectile        Hex/Tloc       #.....       78%         3    ####...
 Recall                   Summ/Tloc      N/A          78%         3    ####...
 Spider Form              Tmut/Pois      #.........   78%         3    ####...
 Static Discharge         Conj/Air       #.......     78%         3    ####...
 Stone Arrow              Conj/Erth      #.....       78%         3    ####...
 Summon Guardian Golem    Hex/Summ       #.......     78%         3    ####...
 Teleport Other           Tloc           #.......     78%         3    ####...
 Airstrike                Air            #.........   99%         4    #####..
 Animate Dead             Necr           N/A          99%         4    #####..
 Cause Fear               Hex            #.........   99%         4    #####..
 Force Lance              Conj/Tloc      #.......     99%         4    #####..
 Ice Form                 Ice/Tmut       #.......     99%         4    #####..
 Leda's Liquefaction      Hex/Erth       #.........   99%         4    #####..
 Petrify                  Tmut/Erth      #.......     99%         4    #####..
 Agony                    Necr           #.......     100%        5    ######.
 Aura of Abjuration       Summ           #.........   100%        5    ######.
 Blade Hands              Tmut           #.........   100%        5    ######.
 Bolt of Draining         Conj/Necr      #.........   100%        5    ######.
 Borgnjor's Vile Clutch   Necr/Erth      #.........   100%        5    ######.
 Dispel Undead            Necr           #.......     100%        5    ######.
 Excruciating Wounds      Chrm/Necr      #.........   100%        5    ######.
 Lightning Bolt           Conj/Air       #.........   100%        5    ######.
 Metabolic Englaciation   Hex/Ice        #.........   100%        5    ######.
 Summon Demon             Summ           #.........   100%        5    ######.
 Summon Forest            Summ/Tloc      #.........   100%        5    ######.
 Summon Mana Viper        Hex/Summ       #.......     100%        5    ######.
 Yara's Violent Unravell  Hex/Tmut       #.........   100%        5    ######.
 Death Channel            Necr           #.........   100%        6    #######
 Dispersal                Tloc           #.........   100%        6    #######
 Invisibility             Hex            #.......     100%        6    #######
 Iron Shot                Conj/Erth      #.........   100%        6    #######
 Shadow Creatures         Summ           N/A          100%        6    #######
 Simulacrum               Ice/Necr       #.........   100%        6    #######
 Malign Gateway           Summ/Tloc      #.........   100%        7    #######
 Monstrous Menagerie      Summ           #.........   100%        7    #######
 Summon Greater Demon     Summ           #.........   100%        7    #######
 Controlled Blink         Tloc           N/A          100%        8    #######
 Discord                  Hex            #.........   100%        8    #######
 Disjunction              Tloc           #.........   100%        8    #######
 Summon Horrible Things   Summ           #.........   100%        8    #######


Dungeon Overview and Level Annotations

Branches:
Dungeon (15/15)            Temple (1/1) D:5            Lair (6/6) D:11
 Shoals (4/4) Lair:2       Spider (4/4) Lair:4        Slime (0/5) Lair:5
    Orc (2/2) D:10            Elf (3/3) Orc:2        Vaults (0/5) D:14
 Depths (0/5) D:15

Altars:
Ashenzari
Cheibriados
Dithmenos
Elyvilon
Fedhas
Gozag
Hepliaklqana
Kikubaaqudgha
Makhleb
Nemelex Xobeh
Okawaru
Qazlal
Ru
Sif Muna
Trog
Uskayaw
Vehumet
Wu Jian
Xom
Yredelemnul
Zin
The Shining One
Beogh

Shops:
D:5 *!(   D:7 }   D:12 ?   Orc:1 %:!*(   Orc:2 =*(*   Elf:2 *   Elf:3 }

Annotations:
D:14 2 transporters, Tinttamiau's ghost, journeyman OgWz
Spider:2 2 transporters, Arachne


Innate Abilities, Weirdness & Mutations

You reflexively headbutt those who attack you in melee.
You have a pair of horns on your head.


Message History

The large abomination hits you but does no damage.
The deep elf master archer shoots an arrow.
The arrow closely misses you.
The large abomination hits you but does no damage.
Some walls begin to move on their own!
You hear a shout!
You feel like a meek peon again.
You hear rumbling.
Things that are here:
a +0 long sword; a +0 longbow; 13 arrows You hear rumbling.
You hear rumbling.
The deep elf master archer shoots an arrow.
The arrow hits you!!
* * * LOW HITPOINT WARNING * * *
The large abomination hits you!!
* * * LOW HITPOINT WARNING * * *
The deep elf master archer shoots an arrow.
The arrow hits you!
You die...

..)##### ### ### # .(.....#####.#
#.# ########### ..s..........#
#(# ##<..#...... e.....)#######
#.###.(....##### .r(....#
####...(........# # eE(..###
#....(..........### #...##
#..)<......./....## #.e##
##..((.............. ....###
#.X@.....)<.......##
#...(E########....[...........###
#..)).E..eee.....................
##....#####.###..................
##.#### #(# #####.......#####..
#..# #.# #.........# ###.# ...#
#.# #.........###...# #..# #.#
#.............### #..# #.#
#(........###...#


You could see a deep elf master archer and a large abomination.

Vanquished Creatures
  Nikola (Elf:2)
  A deep elf blademaster (Elf:2)
  A deep elf master archer (Elf:3)
  Kirke (Spider:3)
  A kraken (Shoals:1)
  4 deep elf sorcerers (Elf:3)
  A frost giant (D:14)
  5 ghost moths
  9 emperor scorpions
  A deep elf elementalist (Elf:3)
  An ironheart preserver (D:14)
  A war gargoyle (D:15)
  2 entropy weavers
  2 deep elf annihilators
  A deep elf demonologist (Elf:3)
  A minotaur (Gauntlet)
  A spark wasp (Spider:4)
  5 merfolk impalers
  A green death (Gauntlet)
  3 merfolk javelineers
  4 deep elf high priests (Elf:3)
  A yaktaur captain (D:14)
  Fannar (D:11)
  5 hydras
  2 alligator snapping turtles (Shoals:4)
  7 centaur warriors
  A merfolk avatar (Shoals:1)
  5 catoblepae
  25 dancing weapons
  15 two-headed ogres
  8 death yaks (Lair:6)
  A queen ant (Lair:3)
  3 merfolk aquamancers (Shoals:4)
  2 ogre magi
  2 satyrs (Shoals:4)
  An orc high priest (Orc:1)
  2 tengu warriors (D:14)
  17 deep elf knights
  A hell knight (Volcano)
  A skeletal warrior (D:15)
  11 sea snakes
  The ghost of lis82 the Ducker, a novice DgWz (D:8)
  8 deep elf archers
  24 harpies
  A necromancer (IceCv)
  4 orc knights
  2 wolf spider zombies
  5 ugly things (D:14)
  13 orb spiders
  26 wolf spiders
  2 orc sorcerers
  6 fauns
  14 manticores
  33 deep elf magi
  A moth of wrath (Spider:3)
  7 cyclopes
  Joseph (D:9)
  The ghost of CheiIsBae the Basher, a novice OgMo (D:5)
  3 ice statues (IceCv)
  5 torpor snails
  7 merfolk sirens
  3 black mambas (Lair:6)
  4 centaur zombies
  2 naga magi (D:15)
  8 water nymphs
  2 gargoyles
  A molten gargoyle (Volcano)
  4 spiny frogs
  3 rime drakes
  7 orange demons
  8 demonic crawlers
  2 kobold demonologists
  3 efreet
  9 ice devils (IceCv)
  5 komodo dragons
  A tengu conjurer (D:14)
  26 jumping spiders
  30 merfolk
  4 trolls
  2 polar bears (D:9)
  3 hornets
  Grinder (D:3)
  4 wind drakes
  19 blink frogs
  12 dream sheep
  6 snapping turtles
  12 hippogriffs
  2 slime creatures (Lair:5)
  A shadow (D:14)
  2 air elementals
  36 yaks
  45 redbacks
  A spriggan (Lair:1)
  A vampire (D:14)
  34 tarantellas
  A hog (shapeshifter) (D:13)
  5 water elementals
  4 basilisks
  Grum (D:11)
  9 fire bats
  4 wyverns
  3 fire elementals
  4 hungry ghosts
  3 hogs (Spider:3)
  A basilisk (shapeshifter) (D:14)
  6 vampire mosquitoes
  7 soldier ants (Lair:3)
  Duvessa (D:7)
  7 water moccasins
  4 black bears
  A sky beast (D:10)
  5 porcupines
  36 orc warriors
  5 ice beasts
  2 necrophages (D:8)
  8 ogres
  2 eyes of draining
  2 phantoms
  21 centaurs
  19 wolves
  13 crocodiles
  2 gnoll sergeants (D:8)
  13 bullfrogs
  A wyvern zombie (D:8)
  A water moccasin zombie (D:7)
  9 scorpions
  Dowan (D:7)
  5 killer bees (D:8)
  13 wights
  4 howler monkeys
  11 electric eels
  7 jellies
  6 lava snakes (Volcano)
  7 crimson imps
  A wyvern simulacrum (D:9)
  2 draconian simulacra (IceCv)
  3 gnoll shamans
  2 centaur skeletons
  19 orc priests
  A water moccasin simulacrum (D:9)
  A bullfrog skeleton (D:7)
  6 hounds
  3 iguanas
  23 orc wizards
  28 worker ants
  A troll simulacrum (IceCv)
  A spriggan simulacrum (IceCv)
  A bullfrog simulacrum (D:9)
  A centaur simulacrum (IceCv)
  The ghost of Ciugracu the Shield-Bearer, a weakling FoFi (D:15)
  2 hound skeletons
  4 worker ant zombies
  12 adders
  16 gnolls
  4 naga simulacra (IceCv)
  An ogre simulacrum (IceCv)
  3 shadow imps
  9 white imps (D:9)
  2 ufetubi (D:9)
  An ooze (D:2)
  3 worms (D:4)
  An adder skeleton (D:8)
  An adder simulacrum (D:9)
  3 dart slugs
  2 leopard geckos (D:1)
  118 orcs
  8 bats
  4 giant cockroaches
  2 gnoll zombies (D:6)
  3 goblins
  4 hobgoblins
  19 jackals
  2 quokkas
  3 frilled lizards
  7 kobolds
  2 quokka skeletons
  3 rats (D:1)
  A crawling corpse (Elf:3)
  6 demonic plants (Gauntlet)
  2 fungi (Lair:5)
  7 plants
1228 creatures vanquished.

Vanquished Creatures (collateral kills)
  2 wolf spiders (Spider:4)
  An orb spider (Spider:4)
  5 redbacks (Spider:4)
8 creatures vanquished.

Vanquished Creatures (others)
  A human (Spider:3)
  A gnoll sergeant (D:8)
  A demonic plant (Gauntlet)
  21 plants
  4 tentacles (Shoals:1)
28 creatures vanquished.

Grand Total: 1264 creatures vanquished

Notes
Turn   | Place    | Note
-------+----------+-------------------------------------------
     0 | D:1      | Notair the Minotaur Gladiator began the quest for the Orb.
     0 | D:1      | Reached XP level 1. HP: 18/18 MP: 0/0
    40 | D:1      | Reached skill level 4 in Axes
    65 | D:1      | Reached XP level 2. HP: 23/25 MP: 1/1
   772 | D:2      | Reached XP level 3. HP: 28/31 MP: 2/2
  1062 | D:2      | Reached skill level 5 in Axes
  1688 | D:3      | Reached XP level 4. HP: 33/39 MP: 3/3
  1942 | D:3      | Noticed Grinder
  1957 | D:3      | Paralysed by Grinder for 7 turns
  1996 | D:3      | Paralysed by Grinder for 4 turns
  2001 | D:3      | Killed Grinder
  2001 | D:3      | Reached skill level 7 in Axes
  2001 | D:3      | Reached XP level 5. HP: 8/47 MP: 4/4
  2001 | D:3      | Reached XP level 6. HP: 9/55 MP: 5/5
  2811 | D:4      | Reached skill level 5 in Fighting
  3486 | D:5      | Entered Level 5 of the Dungeon
  3486 | D:5      | Found Fonk's Distillery.
  3597 | D:5      | Reached skill level 8 in Axes
  3802 | D:5      | Found Gelue's Antique Weapon Boutique.
  3831 | D:5      | Reached XP level 7. HP: 58/61 MP: 6/6
  3960 | D:5      | Found Celiw's General Store.
  4053 | D:5      | Found a staircase to the Ecumenical Temple.
  4085 | Temple   | Entered the Ecumenical Temple
  4194 | Temple   | Became a worshipper of Warmaster Okawaru
  4344 | D:5      | Found a runed door.
  4344 | D:5      | Noticed CheiIsBae's ghost (novice OgMo)
  4539 | D:6      | Reached skill level 9 in Axes
  4780 | D:6      | Found a basalt altar of Yredelemnul.
  5420 | D:6      | Reached * piety under Okawaru
  5420 | D:6      | Reached XP level 8. HP: 40/71 MP: 7/7
  5664 | D:6      | Reached skill level 10 in Axes
  5866 | D:7      | Found Hoinnuma's Gadget Shoppe.
  6085 | D:7      | Noticed Dowan
  6085 | D:7      | Noticed Duvessa
  6093 | D:7      | Killed Dowan
  6114 | D:7      | Reached skill level 1 in Armour
  6123 | D:7      | Killed Duvessa
  6123 | D:7      | Reached skill level 11 in Axes
  6129 | D:7      | Reached ** piety under Okawaru
  6274 | D:7      | Found a hide-covered altar of Uskayaw.
  6399 | D:7      | Reached XP level 9. HP: 68/81 MP: 8/8
  6780 | D:8      | Reached *** piety under Okawaru
  6780 | D:8      | Reached skill level 12 in Axes
  6962 | D:8      | Identified the +1 scale mail "Akagef" {rPois Str+3 Int+2}
  6978 | D:8      | Found a transporter.
  6984 | D:8      | Found a transporter.
  6987 | D:8      | Noticed lis82's ghost (novice DgWz)
  7157 | D:8      | Received a gift from Okawaru
  7338 | D:8      | Reached skill level 5 in Armour
  8005 | D:9      | Reached skill level 13 in Axes
  8005 | D:9      | Reached XP level 10. HP: 80/91 MP: 7/9
  8011 | D:9      | Reached **** piety under Okawaru
  8011 | D:9      | Reached skill level 5 in Dodging
  8211 | D:9      | Noticed Joseph
  8236 | D:9      | Killed Joseph
  8646 | D:9      | Noticed a two-headed ogre
  8659 | D:9      | Killed a two-headed ogre
  8659 | D:9      | Reached skill level 10 in Fighting
  9099 | D:9      | Reached skill level 14 in Axes
  9161 | D:9      | Reached ***** piety under Okawaru
  9164 | D:9      | Received a gift from Okawaru
  9397 | D:9      | Reached XP level 11. HP: 75/101 MP: 10/10
  9756 | D:10     | Entered Level 10 of the Dungeon
 10219 | D:10     | Found a staircase to the Orcish Mines.
 10319 | D:11     | Identified a scroll of acquirement
 10320 | D:11     | Found the +3 crown of Dyrovepreva {rElec Int+2 SInv}
 10374 | D:11     | Found a frozen archway.
 10382 | D:11     | Received a gift from Okawaru
 10395 | IceCv    | Entered an ice cave
 10895 | IceCv    | Reached skill level 15 in Axes
 11691 | IceCv    | Received a gift from Okawaru
 11746 | IceCv    | Noticed a necromancer
 11766 | IceCv    | Killed a necromancer
 11783 | IceCv    | Identified the +0 scale mail of Iwipray {-Tele rElec MR+++
                  | Int+3} (You found it in an ice cave)
 12006 | D:11     | Noticed Fannar
 12039 | D:11     | Killed Fannar
 12118 | D:11     | Noticed Grum
 12141 | D:11     | Killed Grum
 12409 | D:11     | Reached XP level 12. HP: 91/111 MP: 8/11
 12505 | D:11     | Noticed a two-headed ogre
 12523 | D:11     | Killed a two-headed ogre
 12535 | D:11     | Found a staircase to the Lair.
 12581 | D:11     | Received a gift from Okawaru
 12717 | D:11     | Reached skill level 16 in Axes
 12820 | D:11     | Found a radiant altar of Vehumet.
 12997 | D:12     | Noticed a two-headed ogre
 13004 | D:12     | Killed a two-headed ogre
 13004 | D:12     | Reached skill level 1 in Invocations
 13465 | D:12     | Noticed a two-headed ogre
 13481 | D:12     | Killed a two-headed ogre
 13799 | D:12     | Identified the Almanac of Stones
 14147 | D:12     | Found Fawuot's Magic Scroll Emporium.
 14164 | D:12     | Reached ****** piety under Okawaru
 14301 | D:13     | Received a gift from Okawaru
 14441 | D:13     | Noticed a centaur warrior
 14452 | D:13     | Killed a centaur warrior
 14452 | D:13     | Reached skill level 10 in Armour
 14525 | D:13     | Noticed a two-headed ogre
 14539 | D:13     | Killed a two-headed ogre
 14699 | D:13     | Noticed a four-headed hydra
 14712 | D:13     | Killed a one-headed hydra
 14846 | D:13     | Noticed a catoblepas
 14867 | D:13     | Killed a catoblepas
 15243 | D:13     | Noticed a two-headed ogre
 15247 | D:13     | Killed a two-headed ogre
 15342 | D:14     | Reached skill level 17 in Axes
 15514 | D:14     | Noticed a centaur warrior
 15518 | D:14     | Noticed a war gargoyle
 15527 | D:14     | Killed a centaur warrior
 15527 | D:14     | Reached XP level 13. HP: 96/119 MP: 11/14
 15529 | D:14     | Noticed a frost giant
 15544 | D:15     | Entered Level 15 of the Dungeon
 15859 | D:15     | Killed a war gargoyle
 16039 | D:14     | Killed a frost giant
 16500 | D:14     | Reached skill level 10 in Dodging
 16998 | D:14     | Received a gift from Okawaru
 17011 | D:14     | Got a polished hat {god gift}
 17328 | D:14     | Noticed an ironheart preserver
 17341 | D:14     | Killed an ironheart preserver
 17341 | D:14     | Reached skill level 18 in Axes
 17342 | D:14     | Found a gate to the Vaults.
 17561 | D:14     | Noticed Tinttamiau's ghost (journeyman OgWz)
 17562 | D:14     | Identified the +7 battleaxe "Vec Bot" {antimagic, rPois
                  | Int+3 SInv}
 17562 | D:14     | Identified the +7 giant spiked club "Unuvvou" {flame,
                  | *Noise Str+4 Stlth+}
 17562 | D:14     | Noticed an ettin
 17563 | D:14     | Found a bloodstained altar of Trog.
 17563 | D:14     | Found a transporter.
 17579 | D:14     | Found a transporter.
 17939 | D:15     | Found a basalt altar of Yredelemnul.
 18030 | D:15     | Identified the +0 hat of Yptuth {rC- Dex+3 SInv} (Okawaru
                  | gifted it to you on level 14 of the Dungeon)
 18307 | D:15     | Found a runed door.
 18312 | D:15     | Noticed Ciugracu's ghost (weakling FoFi)
 18518 | D:15     | Killed Ciugracu's ghost
 18718 | D:15     | Paralysed by an orc sorcerer for 3 turns
 18772 | D:15     | Reached XP level 14. HP: 56/130 MP: 4/16
 18827 | D:15     | Received a gift from Okawaru
 19150 | D:15     | Found a staircase to the Depths.
 19307 | Lair:1   | Entered Level 1 of the Lair of Beasts
 19595 | Lair:1   | Received a gift from Okawaru
 20135 | Lair:2   | Found a dark tunnel.
 20144 | Volcano  | Entered a volcano
 20270 | Volcano  | Found a radiant altar of Vehumet.
 20533 | Lair:2   | Reached skill level 19 in Axes
 20535 | Lair:2   | Reached skill level 5 in Invocations
 20695 | Lair:2   | Found a staircase to the Shoals.
 22355 | Lair:4   | Found a hole to the Spider Nest.
 22403 | Lair:4   | Received a gift from Okawaru
 23202 | Lair:5   | Upgraded the game from 0.23-a0-666-g28d4f2f0af to
                  | 0.23-a0-673-g3803c42f16
 23369 | Lair:5   | Found a staircase to the Slime Pits.
 23478 | Lair:5   | Reached XP level 15. HP: 135/139 MP: 18/18
 24119 | Lair:6   | Entered Level 6 of the Lair of Beasts
 24573 | Lair:6   | Received a gift from Okawaru
 24676 | Lair:6   | Found a snail-covered altar of Cheibriados.
 24879 | Lair:6   | Received a gift from Okawaru
 24882 | Lair:6   | Reached skill level 20 in Axes
 25712 | Orc:1    | Entered Level 1 of the Orcish Mines
 25712 | Orc:1    | Found Fevic's Weapon Emporium.
 25810 | Orc:1    | Found Kiojysuf's General Store.
 25811 | Orc:1    | Found Wofra's Distillery.
 25815 | Orc:1    | Found a radiant altar of Vehumet.
 25828 | Orc:1    | Found Foneoloc's Food Shoppe.
 25914 | Orc:1    | Found Luodghaa's Book Shoppe.
 26192 | Orc:1    | Found a runed door.
 26352 | Orc:1    | Reached skill level 15 in Fighting
 26382 | Orc:1    | Found a roughly hewn altar of Beogh.
 26456 | Orc:2    | Entered Level 2 of the Orcish Mines
 26488 | Orc:2    | Found a gate leading to a gauntlet.
 26497 | Gauntlet | Entered a Gauntlet
 26497 | Gauntlet | Found a transporter.
 26501 | Gauntlet | Found a transporter.
 26502 | Gauntlet | Found a transporter.
 26503 | Gauntlet | Found a transporter.
 26506 | Gauntlet | Found a transporter.
 26507 | Gauntlet | Found a transporter.
 26520 | Gauntlet | Found a transporter.
 26535 | Gauntlet | Found a large runed translucent door.
 26535 | Gauntlet | Found a large runed translucent door.
 26536 | Gauntlet | Found a large runed translucent door.
 26536 | Gauntlet | Found a large runed translucent door.
 26537 | Gauntlet | Found a large runed translucent door.
 26537 | Gauntlet | Found a large runed translucent door.
 26538 | Gauntlet | Found a runed translucent gate.
 26538 | Gauntlet | Found a runed translucent door.
 26539 | Gauntlet | Found a transporter.
 26539 | Gauntlet | Found a runed translucent gate.
 26540 | Gauntlet | Found a runed translucent gate.
 26541 | Gauntlet | Found a large runed translucent door.
 26541 | Gauntlet | Found a large runed translucent door.
 26542 | Gauntlet | Found a large runed translucent door.
 26543 | Gauntlet | Found a large runed translucent door.
 26553 | Gauntlet | Found a large runed translucent door.
 26553 | Gauntlet | Found a large runed translucent door.
 26553 | Gauntlet | Found a runed translucent door.
 26554 | Gauntlet | Found a large runed translucent door.
 26555 | Gauntlet | Found a large runed translucent door.
 26557 | Gauntlet | Found a transporter.
 26561 | Gauntlet | Found a transporter.
 26564 | Gauntlet | Found a large runed translucent door.
 26564 | Gauntlet | Found a large runed translucent door.
 26570 | Gauntlet | Found a transporter.
 26621 | Gauntlet | Found a transporter.
 26802 | Gauntlet | Identified the +0 hat "Jops" {rF+ Str+3} (You found it in a
                  | Gauntlet)
 26879 | Gauntlet | Identified the ring "Hinapnuj" {rN+ Str+5}
 26924 | Gauntlet | Identified the Incunabulum of Orientation
 26930 | Gauntlet | Identified Ekitollu's Compendium of Curses
 26979 | Orc:2    | Found a burning altar of Makhleb.
 27605 | Orc:2    | Found Jufohusm's General Store.
 27605 | Orc:2    | Found Kucs's Antique Weapon Shop.
 27605 | Orc:2    | Found Nosilo's Assorted Antiques.
 27608 | Orc:2    | Found Zeabroa's Jewellery Shoppe.
 27615 | Orc:2    | Bought a clouded amber ring for 115 gold pieces
 27615 | Orc:2    | Identified the ring of the Evening {rPois rC+ rN++ Str+2
                  | Stlth-} (You bought it in a shop on level 2 of the Orcish
                  | Mines)
 27641 | Orc:2    | Found a staircase to the Elven Halls.
 28275 | Spider:1 | Entered Level 1 of the Spider Nest
 28406 | Spider:1 | Reached skill level 1 in Crossbows
 28551 | Spider:1 | Received a gift from Okawaru
 29288 | Spider:1 | You are sucked into a shaft!
 29399 | Spider:2 | Noticed a ghost moth
 29407 | Spider:2 | Killed a ghost moth
 29604 | Spider:2 | Found a transporter.
 29606 | Spider:2 | Found a transporter.
 29621 | Spider:2 | Noticed Arachne
 29654 | Spider:2 | Reached XP level 16. HP: 143/149 MP: 17/19
 31040 | D:5      | Killed CheiIsBae's ghost
 31227 | D:8      | Killed lis82's ghost
 31329 | D:8      | Got a steaming iron ring
 31368 | D:8      | Identified the ring "Icamepp" {*Corrode rF+ MR+ Str+4} (You
                  | found it on level 8 of the Dungeon)
 32416 | Spider:3 | Noticed Kirke
 32439 | Spider:3 | Killed Kirke
 32439 | Spider:3 | Reached skill level 21 in Axes
 32618 | Spider:3 | Received a gift from Okawaru
 32622 | Spider:3 | Identified the +4 plate armour of the City {rElec Stlth+}
                  | (Okawaru gifted it to you on level 3 of the Spider Nest)
 33192 | Spider:4 | Entered Level 4 of the Spider Nest
 34684 | Spider:4 | Reached skill level 5 in Crossbows
 35757 | Spider:4 | Received a gift from Okawaru
 35765 | Spider:4 | Identified the +2 plate armour of Igax Mis {rElec rF+ rN++
                  | SInv} (Okawaru gifted it to you on level 4 of the Spider
                  | Nest)
 35953 | Spider:4 | Reached XP level 17. HP: 117/158 MP: 15/20
 36709 | Spider:4 | Got a gossamer rune of Zot
 37009 | Shoals:1 | Entered Level 1 of the Shoals
 37013 | Shoals:1 | Reached skill level 15 in Armour
 37381 | Shoals:1 | Noticed a kraken
 37389 | Shoals:1 | Killed a kraken
 37389 | Shoals:1 | Reached skill level 22 in Axes
 38494 | Shoals:2 | Received a gift from Okawaru
 38510 | Shoals:2 | Identified the +0 shield of the Wasteland {rN+ MR+ MP+9
                  | Slay-3} (Okawaru gifted it to you on level 2 of the Shoals)
 39924 | Shoals:4 | Entered Level 4 of the Shoals
 40513 | Shoals:4 | Got a slimy marble ring
 40514 | Shoals:4 | Identified the ring of the Firefly {+Fly rC+} (You found it
                  | on level 4 of the Shoals)
 40842 | Shoals:4 | Received a gift from Okawaru
 40860 | Shoals:4 | Received a gift from Okawaru
 40906 | Shoals:4 | Reached XP level 18. HP: 130/170 MP: 3/21
 40912 | Shoals:4 | Identified the +2 triple crossbow of Plog {venom, MR-
                  | Dex+4} (Okawaru gifted it to you on level 4 of the Shoals)
 41513 | Shoals:4 | Got a barnacled rune of Zot
 41836 | Elf:1    | Entered Level 1 of the Elven Halls
 41856 | Elf:1    | Reached skill level 23 in Axes
 41886 | Elf:1    | Identified the ring "Qiack" {rCorr rPois rF+ rC-} (You
                  | found it on level 1 of the Elven Halls)
 42060 | Elf:1    | Received a gift from Okawaru
 42240 | Elf:1    | Reached skill level 15 in Dodging
 43295 | Elf:2    | Found Olyomel's General Store.
 43327 | Elf:2    | Bought a scroll of teleportation for 48 gold pieces
 43327 | Elf:2    | Bought a scroll of teleportation for 48 gold pieces
 43685 | Elf:2    | Received a gift from Okawaru
 43896 | Elf:2    | Found a huge runed gate.
 43896 | Elf:2    | Found a huge runed gate.
 43897 | Elf:2    | Found a huge runed gate.
 43898 | Elf:2    | Found a huge runed gate.
 43902 | Elf:2    | Found a huge runed gate.
 44007 | Elf:2    | Received a gift from Okawaru
 44030 | Elf:2    | Noticed Nikola
 44059 | Elf:2    | Killed Nikola
 44059 | Elf:2    | Received a gift from Okawaru
 44090 | Elf:2    | Received a gift from Okawaru
 44693 | Elf:3    | Entered Level 3 of the Elven Halls
 45669 | Elf:3    | Found Kienoitt's Gadget Emporium.
 46003 | Elf:3    | Received a gift from Okawaru
 46079 | Elf:3    | Reached skill level 24 in Axes
 46079 | Elf:3    | Reached XP level 19. HP: 179/179 MP: 16/22
 46120 | Elf:3    | HP: 8/179 [large abomination[a deep elf high priest] (24)]
 46120 | Elf:3    | Shot with an arrow by a deep elf master archer

Vault maps used:
D:1:      psy_arrival_terrarium
D:3:      supply_closet_lemuel, uniq_grinder
D:4:      first_ration
D:5:      minmay_temple_entry_hall, serial_shops,
          nicolae_shop_overgrown_old_shop, nicolae_shop_crystal, shop,
          ebering_ghost_reflecting_pool
D:6:      lemuel_zombie_altar_yredelemnul, abandoned_shop
D:7:      serial_shops, shop, minivault_26, lemuel_tele_altar, uniq_duvessa
D:8:      gammafunk_ghost_gnarly_gnolls
D:9:      serial_ice, serial_ice_c, serial_ice_n, serial_ice_b, serial_ice_l,
          serial_ice_d, serial_ice_o, serial_ice_f, serial_ice_h, serial_ice_a,
          serial_ice_g, hangedman_decor_points, uniq_joseph
D:10:     orc_0_dummy
D:11:     david_lair_shrubbed, portal_ice_cave_rime, basic_altar, uniq_grum,
          uniq_fannar
D:12:     serial_shops, nicolae_shop_stone
D:13:     grunt_ogre_cave
D:14:     skrybe_vaults_entry_preservation, serial_bayou_ford_a,
          gammafunk_ghost_wrathful_warriors, minmay_radiant
D:15:     grunt_enter_depths_magical_seal, ebering_ghost_inner_flame,
          basic_altar
Temple:   kilobyte_greek_temple
Lair:1:   serial_rivers, chequers_serial_rivers_micro_d,
          chequers_serial_rivers_small_a, chequers_serial_rivers_micro_c,
          chequers_serial_rivers_room_a, chequers_serial_rivers_micro_d,
          chequers_serial_rivers_micro_d, grunt_forest_large_clearing_hut
Lair:2:   elwin_shoals_entry_stream, nicolae_volcano_entry_batcave,
          disabler_island
Lair:3:   zaba_antful_of_joy
Lair:4:   spider_nest_entry_web_field, minmay_holes, serial_bayou_pond_e,
          grunt_megastairs_1, infiniplex_staircase_pool
Lair:5:   minmay_slime_entry_pillars, serial_bayou_lagoon_b,
          serial_bayou_shore_b
Lair:6:   evilmike_catoblepas_cave, kennysheep_snail_temple
Shoals:4: shoals_end_hangedman
Spider:2: gammafunk_the_bubble, spider_trap, nicolae_spider_cling_ruins,
          uniq_arachne
Spider:3: uniq_kirke
Spider:4: grunt_spider_rune_circles, guppyfry_spider_mini_2
Orc:1:    serial_shops, shop, shop, shop, shop_fountains,
          nicolae_shop_behind_doors, basic_altar, lightli_church_of_beogh
Orc:2:    st_orc_rangers, gauntlet_entry_generic, bloody_makhleb
Elf:1:    minmay_elf_arrival_plus
Elf:2:    serial_shops, nicolae_shop_statue_plus, einodemon_barbed_minivault,
          uniq_nikola
Elf:3:    minmay_elf_hall_four_x, serial_shops, shop_statue
IceCv:    ice_cave_tombish
Volcano:  volcano_grotto
Gauntlet: minmay_gauntlet_mixed_oops_all_seconds

Skill      XL: |  1  2  3  4  5  6  7  8  9 10 11 12 13 14 15 16 17 18 19 |
---------------+----------------------------------------------------------+-----
Axes           | 4 5 7 8 9 11 13 14 15 17 18 19 20 21 22 24 | 24.0
Fighting       | 3 4 5 6 8 9 10 11 12 13 14 15 16 17 18 | 18.1
Armour         | 3 5 7 9 10 11 12 14 15 16 17 | 17.0
Dodging        | 4 6 8 9 10 11 13 14 15 | 15.7
Invocations    | 3 4 6 |  6.0
Crossbows      | 2 5 6 |  6.1
Throwing       | |  2.0

Action                   |  1- 3 |  4- 6 |  7- 9 | 10-12 | 13-15 | 16-18 | 19-21 || total
-------------------------+-------+-------+-------+-------+-------+-------+-------++-------
Melee: War axe           |    54 |    84 |   216 |       |       |       |       ||   354
       Headbutt          |    12 |    12 |    65 |   170 |   266 |   319 |     2 ||   846
       Broad axe         |       |       |    98 |   605 |   143 |       |       ||   846
       Punch             |       |       |     1 |     7 |       |       |       ||     8
       Hand axe          |       |       |       |     7 |     5 |       |       ||    12
       Battleaxe         |       |       |       |       |   918 |   543 |       ||  1461
       Executioner's axe |       |       |       |       |       |   845 |    10 ||   855
 Fire: Hand crossbow     |       |       |       |       |    25 |    68 |       ||    93
Throw: Throwing net      |       |     5 |       |     1 |     1 |     2 |       ||     9
Invok: Heroism           |       |       |     2 |    24 |    22 |     9 |     1 ||    58
       Finesse           |       |       |       |     1 |     3 |     1 |       ||     5
Evoke: Wand              |       |       |       |     6 |    16 |     7 |       ||    29
       Lightning rod     |       |       |       |       |       |     1 |       ||     1
  Use: Scroll            |       |    11 |       |    14 |    19 |    12 |       ||    56
       Potion            |       |       |       |       |     1 |     2 |     3 ||     6
 Stab: Distracted        |       |       |       |       |     2 |       |       ||     2
  Eat: Ration            |     1 |       |     1 |     3 |     4 |     7 |       ||    16
       Chunk             |       |     5 |    11 |    17 |    34 |    33 |       ||   100
Armor: Chain mail        |    25 |    50 |   131 |   254 |   437 |   106 |       ||  1003
       Leather armour    |     3 |       |       |       |       |       |       ||     3
       Ring mail         |     3 |       |       |       |       |       |       ||     3
       Plate armour      |       |       |       |       |       |   805 |       ||   805
       Scale mail        |       |       |       |       |       |     3 |     6 ||     9
Dodge: Dodged            |    28 |    24 |   131 |   304 |   737 |  1208 |    10 ||  2442

Table legend:
 A = Non-vault XP
 B = Vault XP
 C = Vault XP percentage of total XP
 D = Non-vault monster count
 E = Vault monster count
 F = Vault count percentage of total count
                 A         B        C        D         E       F
            +---------+---------+-------+---------+---------+-------
      Total |  207246 |  172832 |  45.5 |     829 |     392 |  32.1
            +---------+---------+-------+---------+---------+-------
        D:1 |      39 |       0 |   0.0 |      22 |       0 |   0.0
        D:2 |      36 |       0 |   0.0 |      10 |       0 |   0.0
        D:3 |      65 |     286 |  81.5 |       9 |       1 |  10.0
        D:4 |     163 |       0 |   0.0 |      17 |       0 |   0.0
        D:5 |     281 |     498 |  63.9 |      13 |       1 |   7.1
        D:6 |     770 |       4 |   0.5 |      20 |       2 |   9.1
        D:7 |     992 |     222 |  18.3 |      32 |       2 |   5.9
        D:8 |    1947 |    1117 |  36.5 |      47 |      11 |  19.0
        D:9 |    4580 |    2075 |  31.2 |      32 |      23 |  41.8
       D:10 |    1924 |       0 |   0.0 |      31 |       0 |   0.0
       D:11 |    2481 |    2668 |  51.8 |      16 |       8 |  33.3
       D:12 |    5564 |       0 |   0.0 |      37 |       0 |   0.0
       D:13 |    6646 |     899 |  11.9 |      26 |       1 |   3.7
       D:14 |   13405 |    6402 |  32.3 |      53 |      10 |  15.9
       D:15 |    1801 |    9932 |  84.7 |       9 |      15 |  62.5
     Lair:1 |    2089 |     696 |  25.0 |       8 |       3 |  27.3
     Lair:2 |    2323 |    2433 |  51.2 |      18 |      10 |  35.7
     Lair:3 |    7141 |    2612 |  26.8 |      29 |      27 |  48.2
     Lair:4 |    3423 |    1971 |  36.5 |      15 |       2 |  11.8
     Lair:5 |    5051 |     623 |  11.0 |      21 |       4 |  16.0
     Lair:6 |    5579 |   11455 |  67.2 |      10 |      26 |  72.2
   Shoals:1 |   16902 |       0 |   0.0 |      32 |       0 |   0.0
   Shoals:2 |   12886 |       0 |   0.0 |      28 |       0 |   0.0
   Shoals:3 |   12487 |       0 |   0.0 |      29 |       0 |   0.0
   Shoals:4 |    7930 |   23029 |  74.4 |      15 |      39 |  72.2
   Spider:1 |   10385 |       0 |   0.0 |      28 |       0 |   0.0
   Spider:2 |    9310 |       0 |   0.0 |      20 |       0 |   0.0
   Spider:3 |   18063 |    3013 |  14.3 |      51 |       5 |   8.9
   Spider:4 |   15438 |   24762 |  61.6 |      38 |      42 |  52.5
      Orc:1 |    2107 |    1047 |  33.2 |      21 |      12 |  36.4
      Orc:2 |     768 |    6919 |  90.0 |      38 |      38 |  50.0
      Elf:1 |   17075 |    2889 |  14.5 |      27 |       5 |  15.6
      Elf:2 |   12563 |   33459 |  72.7 |      19 |      43 |  69.4
      Elf:3 |    5032 |   15532 |  75.5 |       8 |      12 |  60.0
      IceCv |       0 |    5357 | 100.0 |       0 |      23 | 100.0
    Volcano |       0 |    7681 | 100.0 |       0 |      20 | 100.0
   Gauntlet |       0 |    5251 | 100.0 |       0 |       7 | 100.0
            +---------+---------+-------+---------+---------+-------
